 Dungeon Crawl Stone Soup version 0.28.0 (webtiles) character file.

Game seed: 16683077026312310448

3488 croobank the Thaumaturge (level 10, -2/41 HPs)
             Began as a Vine Stalker Warper on Feb 5, 2022.
             Was an Elder of Hepliaklqana.
             Killed from afar by a steam dragon (11 damage)
             ... with a ball of steam
             ... on level 7 of the Dungeon.
             The game lasted 00:30:38 (6167 turns).

croobank the Thaumaturge (Vine Stalker Warper)      Turns: 6167, Time: 00:30:50

Health: -2/41      AC: 11    Str: 15    XL:     10   Next: 7%
Magic:  0/23       EV: 12    Int: 15    God:    Hepliaklqana [****..]
Gold:   224        SH:  0    Dex: 15    Spells: 17/26 levels left

rFire   . . .      SeeInvis .   m - +0 hand axe (spect)
rCold   . . .      Faith    .   (no shield)
rNeg    . . .      Spirit   +   b - +0 leather armour
rPois   .          Reflect  .   F - +1 hat
rElec   .          Harm     .   x - +0 cloak
rCorr   .          Rampage  .   H - +2 pair of gloves
Will    +....                   w - +2 pair of boots
Stlth   +.........              (no amulet)
HPRegen 0.93/turn               (no ring)
MPRegen 0.18/turn               (no ring)

@: no status effects
A: reduced essence, fangs 3, regeneration 1, magic shield, antimagic bite, no
potion heal 2
a: Renounce Religion, Recall Ancestor, Ancestor Identity, Transference, Idealise


You were on level 7 of the Dungeon.
You worshipped Hepliaklqana.
Hepliaklqana was greatly pleased with you.
You visited 1 branch of the dungeon, and saw 7 of its levels.
You also visited: Sewer.

You collected 306 gold pieces.
You spent 82 gold pieces at shops.

Inventory:

Hand Weapons
 a - a +3 vampiric short sword
 e - a +0 vampiric long sword
 m - a +0 spectral hand axe (weapon)
 p - a +2 dagger of holy wrath
 u - a +2 dagger of venom
 A - a +1 scythe of freezing
Missiles
 d - 5 boomerangs of dispersal
 g - 56 bolts
 h - 195 stones
 o - 5 poisoned darts
 r - 220 arrows
 t - 11 boomerangs
 B - 2 throwing nets
 D - 5 atropa-tipped darts (quivered)
 G - 10 javelins
Armour
 b - a +0 leather armour (worn)
 c - a +0 ring mail
 f - a +2 chain mail of fire resistance
 w - a +2 pair of boots (worn)
 x - a +0 cloak (worn)
 C - the +5 ring mail of the Mind {+Blink Str-4 Dex+8 Stlth+}
   (You found it on level 5 of the Dungeon)

   Str:       It affects your strength (-4).
   Dex:       It affects your dexterity (+8).
   +Blink:    It lets you blink.
   Stlth:     It makes you more stealthy.
 F - a +1 hat (worn)
 H - a +2 pair of gloves (worn)
 J - a +0 buckler
 N - a +0 plate armour
Magical Staves
 j - a staff of earth
Jewellery
 O - a ring of ice
Wands
 n - a wand of mindburst (18)
 y - a wand of flame (34)
Scrolls
 E - a scroll of teleportation
 I - a scroll of immolation
 L - a scroll of torment {unknown}
 M - a scroll of amnesia {unknown}
Potions
 i - 4 potions of heal wounds
 k - a potion of resistance
 l - 2 potions of brilliance
 q - a potion of ambrosia
 s - 4 potions of flight {unknown}
 v - a potion of attraction {unknown}
 z - a potion of mutation {unknown}
 K - 3 potions of degeneration {unknown}


   Skills:
 - Level 2.0 Fighting
 + Level 5.7 Short Blades
 - Level 2.2 Axes
 - Level 0.8 Throwing
 - Level 1.0 Armour
 - Level 1.9 Dodging
 + Level 8.7 Spellcasting
 + Level 5.9 Conjurations
 + Level 4.6 Translocations
 + Level 5.2 Air Magic


You had 17 spell levels left.
You knew the following spells:

 Your Spells              Type           Power      Damage    Failure   Level
a - Blink                 Tloc           40%        N/A       3%          2
b - Shock                 Conj/Air       92%        1d8       1%          1
c - Teleport Other        Tloc           20%        N/A       6%          3
d - Poisonous Vapours     Pois/Air       28%        N/A       7%          2
e - Slow                  Hex            24%        N/A       14%         1

Your spell library contained the following spells:

 Spells                   Type           Power      Damage    Failure   Level
 Swiftness                Air            22%        N/A       4%          3
 Gell's Gravitas          Tloc           20%        N/A       6%          3
 Lesser Beckoning         Tloc           20%        N/A       6%          3
 Sting                    Tmut/Pois      24%        1d4       14%         1
 Summon Small Mammal      Summ           24%        N/A       14%         1
 Airstrike                Air            11%        N/A       16%         4
 Iskenderun's Mystic Bla  Conj/Tloc      22%        2d6       16%         4
 Ensorcelled Hibernation  Hex/Ice        12%        N/A       21%         2
 Passwall                 Tmut/Erth      5%         N/A       21%         2
 Call Canine Familiar     Summ           6%         N/A       38%         3
 Confusing Touch          Hex            6%         N/A       38%         3
 Summon Guardian Golem    Hex/Summ       6%         N/A       38%         3
 Vampiric Draining        Necr           6%         2d6       38%         3
 Fulminant Prism          Conj/Hex       7%         3d7       38%         4
 Manifold Assault         Tloc           20%        N/A       50%         5
 Olgreb's Toxic Radiance  Pois           6%         N/A       80%         4
 Lee's Rapid Deconstruct  Erth           3%         3d6*      98%         5
 Orb of Destruction       Conj           12%        9d7       100%        7
 Spellforged Servitor     Conj/Summ      7%         N/A       100%        7


Dungeon Overview and Level Annotations

Branches:
Dungeon (7/15)              Sewer (visited)
 Temple: D:4-7

Altars:
Ashenzari
Gozag
Hepliaklqana
Kikubaaqudgha

Shops:
D:5 *=


Innate Abilities, Weirdness & Mutations

Your life essence is reduced to manifest your ancestor. (-10% HP)
You have razor-sharp teeth.
Your natural rate of healing is unusually fast.
When hurt, damage is shared between your health and your magic reserves.
Your bite disrupts and absorbs the magic of your enemies.
Potions cannot restore your health.


Message History

The stone arrow hits the yak!
The yak gores Shunnar!
You hit the steam dragon.
You bite the steam dragon, but do no damage.
The steam dragon is moderately wounded.
You hit the yak but do no damage. You hit the yak.
You are engulfed in a cloud of scalding steam.
The steam dragon bites you but does no damage.
The steam dragon claws you. The yak closely misses you.
Shunnar hits the yak with a +0 quarterstaff!
The yak gores you but does no damage. The steam dragon breathes steam at you.
The ball of steam hits you!
* * * LOW HITPOINT WARNING * * *
You barely miss the steam dragon.
The steam dragon is moderately wounded.
You hit the yak. You barely miss the yak.
Your +0 spectral hand axe barely misses the yak.
Your +0 spectral hand axe hits the steam dragon.
You are engulfed in a cloud of scalding steam.
* * * LOW HITPOINT WARNING * * *
The yak barely misses you.
Shunnar hits the yak with a +0 quarterstaff!
The yak dies!
The steam dragon bites you.
* * * LOW HITPOINT WARNING * * *
The steam dragon closely misses you.
You have reached level 10!
Shunnar remembers more of their old skill.
Shunnar hits the steam dragon with a +0 quarterstaff!
Found an escape hatch in the floor.
Found a quarterstaff and a club.
You hit the yak. You bite the yak.
You kill the yak!
You hit the steam dragon. You bite the steam dragon. You drain its power.
You feel invigorated.
The steam dragon is severely wounded.
Your +0 spectral hand axe hits the steam dragon!
The steam dragon breathes steam at you. The ball of steam hits you!
You die...

###.....# ...
##...)..##
.....#...##
...####...## ....#
#....# .....###...##
......###...######..
...>...###..†.......
.......@##.R.†......
#......(DR..........
###.................
##................
...................
).....##...........
....### #...........
#).. ##.......... ..
.......


You could see the friendly Shunnar the battlemage, a steam dragon (catching
breath, ally target) and a friendly +0 spectral hand axe (summoned).

Vanquished Creatures
  2 yaks (D:7)
  Eustachio (D:6)
  A water moccasin (Sewer)
  2 ice beasts
  An ogre (D:5)
  2 necrophages (D:5)
  A kobold brigand (D:6)
  A bullfrog (D:6)
  A wight (D:4)
  A howler monkey (D:5)
  A bullfrog zombie (D:6)
  A centaur skeleton (D:5)
  A centaur zombie (D:7)
  An iguana (D:5)
  Natasha (twice) (D:2)
  5 adders
  3 ufetubi
  A worm (D:6)
  2 dart slugs
  6 orcs
  A ball python (D:2)
  4 bats
  2 bat skeletons (D:5)
  A bat zombie (D:5)
  4 endoplasms
  3 giant cockroaches
  3 goblins
  2 hobgoblins (D:1)
  9 jackals
  13 kobolds
  5 quokkas
  4 frilled lizards
  7 rats
94 creatures vanquished.

Vanquished Creatures (collateral kills)
  The ghost of zeram the Sneak, a novice OpFi (D:4)
  An unseen horror (D:7)
  Sigmund (D:2)
  2 yaks (D:7)
  Menkaure (D:6)
  Duvessa (D:6)
  An orc warrior (D:3)
  An ogre (D:5)
  3 centaurs
  A water moccasin skeleton (D:6)
  Dowan (D:6)
  A vampire bat (D:5)
  A howler monkey (D:5)
  A bullfrog zombie (D:5)
  3 hounds
  An orc wizard (D:3)
  Natasha (D:2)
  A howler monkey zombie (D:7)
  An adder (D:3)
  A river rat (D:6)
  A white imp (D:6)
  A dart slug (D:3)
  5 orcs
  4 bat zombies (D:5)
  2 endoplasms
  A giant cockroach (D:2)
  2 jackals
  A kobold (D:4)
  A quokka (D:2)
  A bat (D:2)
  A frilled lizard (D:1)
  3 rats
48 creatures vanquished.

Vanquished Creatures (others)
  3 ancestors
  16 plants (D:6)
19 creatures vanquished.

Grand Total: 161 creatures vanquished

Notes
Turn   | Place    | Note
-------+----------+-------------------------------------------
     0 | D:1      | croobank the Vine Stalker Warper began the quest for the
                  | Orb.
     0 | D:1      | Reached XP level 1. HP: 11/11 MP: 4/4
   341 | D:1      | Found a faded altar of an unknown god.
   360 | D:1      | Reached XP level 2. HP: 5/15 MP: 0/6
   420 | D:1      | Learned a level 2 spell: Blink
   553 | D:1      | Prayed at the altar of an unknown god.
   553 | D:1      | Became a worshipper of Hepliaklqana the Forgotten
   553 | D:1      | Reached * piety under Hepliaklqana
   954 | D:1      | Learned a level 1 spell: Shock
  1013 | D:1      | Reached XP level 3. HP: 16/16 MP: 7/7
  1059 | D:1      | Reached skill level 1 in Armour
  1547 | D:2      | Noticed Natasha
  1804 | D:2      | Killed Natasha
  1805 | D:2      | Reached skill level 1 in Short Blades
  1805 | D:2      | Gained mutation: Your natural rate of healing is unusually
                  | fast. [Vine Stalker growth]
  1805 | D:2      | Reached XP level 4. HP: 18/20 MP: 0/8
  1940 | D:2      | Found a broken altar of Ashenzari.
  1984 | D:2      | Learned a level 3 spell: Teleport Other
  1993 | D:2      | Reached skill level 1 in Conjurations
  2040 | D:2      | Reached ** piety under Hepliaklqana
  2043 | D:2      | Remembered your ancestor Shunnar as a battlemage
  2044 | D:2      | Noticed Sigmund
  2054 | D:2      | Killed Sigmund
  2055 | D:2      | Reached skill level 3 in Spellcasting
  2055 | D:2      | Reached skill level 1 in Air Magic
  2055 | D:2      | Reached XP level 5. HP: 19/23 MP: 1/10
  2055 | D:2      | Reached XP level 6. HP: 22/27 MP: 1/11
  2220 | D:2      | Learned a level 2 spell: Poisonous Vapours
  2268 | D:2      | Noticed Natasha
  2272 | D:2      | Killed Natasha
  2327 | D:2      | Noticed Natasha
  2332 | D:2      | Killed Natasha
  2641 | D:3      | Noticed an orc warrior
  2785 | D:3      | Killed an orc warrior
  2786 | D:3      | Reached XP level 7. HP: 31/31 MP: 9/13
  3070 | D:3      | You fall into a shaft and drop 3 floors!
  3133 | D:6      | Noticed Dowan
  3135 | D:6      | Noticed Duvessa
  3143 | D:6      | Reached skill level 4 in Spellcasting
  3148 | D:6      | Killed Duvessa
  3163 | D:6      | Killed Dowan
  3302 | D:6      | Noticed Menkaure
  3308 | D:6      | Killed Menkaure
  3340 | D:6      | Found a glowing drain.
  3344 | Sewer    | Entered a sewer
  3455 | Sewer    | Reached skill level 5 in Spellcasting
  3455 | Sewer    | Gained mutation: You have razor-sharp teeth. [Vine Stalker
                  | growth]
  3455 | Sewer    | Reached XP level 8. HP: 27/35 MP: 10/16
  3605 | D:6      | Reached *** piety under Hepliaklqana
  3651 | D:6      | Noticed Eustachio
  3656 | D:6      | Learned a level 1 spell: Slow
  3658 | D:6      | Killed Eustachio
  4100 | D:5      | Entered Level 5 of the Dungeon
  4117 | D:5      | Identified the +5 ring mail of the Mind {+Blink Str-4 Dex+8
                  | Stlth+}
  4136 | D:5      | Reached skill level 6 in Spellcasting
  4145 | D:5      | Reached skill level 5 in Short Blades
  4167 | D:5      | Reached XP level 9. HP: 32/37 MP: 11/19
  4316 | D:5      | Found Ukhefelougg's General Store.
  4323 | D:5      | Bought a scroll of enchant armour for 82 gold pieces
  4631 | D:5      | Found Pemakasa's Jewellery Emporium.
  4687 | D:5      | Found an ancient bone altar of Kikubaaqudgha.
  4690 | D:5      | Reached skill level 7 in Spellcasting
  5174 | D:4      | Reached **** piety under Hepliaklqana
  5548 | D:4      | Found a runed translucent gate.
  5548 | D:4      | Found a runed translucent gate.
  5548 | D:4      | Found an opulent altar of Gozag.
  5548 | D:4      | Found a runed translucent gate.
  5549 | D:4      | Noticed zeram's ghost (novice OpFi)
  5643 | D:4      | Killed zeram's ghost
  5644 | D:4      | Reached skill level 5 in Conjurations
  6122 | D:7      | Killed an unseen horror
  6123 | D:7      | Reached skill level 8 in Spellcasting
  6154 | D:7      | Reached skill level 5 in Air Magic
  6161 | D:7      | Reached XP level 10. HP: 2/41 MP: 1/23
  6167 | D:7      | Killed from afar by a steam dragon

Illustrated notes

Levels and vault maps discovered:
D:1:      dpeg_chamrin_arrival_tetris, layout_basic,
          hellmonk_ecumenical_altar_lost_god
D:2:      layout_basic, basic_altar, uniq_sigmund, uniq_natasha
D:3:      layout_basic
D:4:      layout_cave_pools, ebering_ghost_gozag, serial_bayou_lake_a
D:5:      layout_loops_ring, kennysheep_vampire_church, serial_shops, shop,
          nicolae_shop_behind_doors, minmay_misc_feat_nine_boxes,
          minmay_increasing_density
D:6:      layout_gridville, gup_sewer_entry_bowl, lexackson_kobold_supper,
          uniq_menkaure, uniq_duvessa, uniq_eustachio
D:7:      layout_layer_cave, minmay_temple_entry_statues

Skill      XL: |  1  2  3  4  5  6  7  8  9 |
---------------+----------------------------+-----
Fighting       | 2 |  2.0
Axes           | 2 |  2.2
Armour         | 1 |  1.0
Short Blades   | 1 2 3 4 5 |  5.7
Conjurations   | 2 3 4 5 |  5.9
Spellcasting   | 3 5 6 8 |  8.7
Air Magic      | 1 2 3 5 |  5.2
Translocations | 4 |  4.6
Throwing       | |  0.8
Dodging        | |  1.9

Action                   |  1- 3 |  4- 6 |  7- 9 | 10-12 || total
-------------------------+-------+-------+-------+-------++-------
Melee: Hand axe          |    48 |       |   153 |     2 ||   203
       Bite              |    16 |     5 |    48 |     2 ||    71
       Short sword       |    57 |    25 |       |       ||    82
       Punch             |       |       |     5 |       ||     5
 Cast: Shock             |    12 |    27 |    12 |       ||    51
       Blink             |     1 |       |     4 |       ||     5
       Poisonous Vapours |       |     1 |     1 |       ||     2
       Teleport Other    |       |     1 |       |       ||     1
       Slow              |       |       |     1 |       ||     1
Invok: Ancestor Life: Ba |       |     1 |       |       ||     1
       Recall Ancestor   |       |       |     2 |       ||     2
  Use: Scroll            |     1 |     8 |     5 |       ||    14
 Stab: Distracted        |       |       |     3 |       ||     3
       Sleeping          |       |       |     1 |       ||     1
Armor: Leather armour    |    38 |    11 |    86 |       ||   135
Dodge: Dodged            |    89 |    15 |   139 |       ||   243
